 Dungeon Crawl Stone Soup version 0.29.0-4-gdea44cf6ec (webtiles) character file.

Game seed: 14671363853920159076

126 qw the Chopper (level 5, 0/39 (41) HPs)
             Began as a Formicid Cinder Acolyte on Sept 4, 2022.
             Was a High Priest of Ignis.
             Succumbed to a goblin's poison
             ... on level 1 of the Dungeon.
             The game lasted 00:00:49 (2452 turns).

qw the Chopper (Formicid Cinder Acolyte)            Turns: 2452, Time: 00:00:50

HP:   0/39 (41)     AC:  6    Str: 21    XL:     5   Next: 31%
MP:   6/6           EV: 10    Int: 13    God:    Ignis [*****.]
Gold: 147           SH:  0    Dex:  9    Spells: 6/6 levels left

rFire   + . .      SeeInvis +   Y - -1 hand axe (flame)
rCold   . . .      Faith    .   (no shield)
rNeg    . . .      Spirit   .   e - +0 scale mail
rPois   .          Reflect  .   (helmet unavailable)
rElec   .          Harm     .   (no cloak)
rCorr   .          Rampage  .   (no gloves)
Will    .....                   (no boots)
Stlth   ..........              (no amulet)
HPRegen 0.13/turn               (no ring)
MPRegen 0.10/turn               (no ring)

@: lethally poisoned (0 -> -4), lightly drained
A: permanent stasis, dig shafts and tunnels, antennae 3, four strong arms
a: Dig, Shaft Self, Renounce Religion, Fiery Armour, Foxfire Swarm, Rising Flame


You were on level 1 of the Dungeon.
You worshipped Ignis.
Ignis was extremely pleased with you.
You visited 1 branch of the dungeon, and saw 2 of its levels.

You collected 147 gold pieces.


Innate Abilities, Weirdness & Mutations

You cannot be hasted, slowed, berserked, paralysed or teleported.
You can dig through walls and to a lower floor.
You have a pair of large antennae on your head. (SInv)
Your four strong arms can wield two-handed weapons with a shield.


   Skills:
 - Level 3.2 Fighting
 + Level 5.0 Axes
 - Level 1.5 Armour
 - Level 1.2 Dodging
 - Level 1.1 Spellcasting
 - Level 3.0 Fire Magic


You had 6 spell levels left.
You didn't know any spells.
Your spell library contained the following spells:

 Spells                   Type           Power      Damage    Failure   Level
 Scorch                   Fire           16%        2d5       34%         2

Inventory:

Hand Weapons
 Y - a -1 hand axe of flaming (weapon)
Armour
 e - a +0 scale mail (worn)
Jewellery
 d - a ring of fire
Potions
 a - a potion of invisibility {unknown}
 c - a potion of might {unknown}
 g - a potion of curing {unknown}

Dungeon Overview and Level Annotations

Branches:
Dungeon (2/15)

Altars:


Message History

You hit the goblin. You burn the goblin.
The goblin is heavily wounded.
The goblin hits you but does no damage.
You are poisoned.
You closely miss the goblin. You punch the goblin.
The goblin is severely wounded.
You feel very sick. The goblin hits you but does no damage.
You are more poisoned.
You closely miss the goblin.
The goblin is severely wounded.
You feel very sick.
The goblin hits you with a +1 dagger of venom.
You are more poisoned.
You miss the goblin.
The goblin is severely wounded.
You feel very sick. The goblin hits you but does no damage.
You are lethally poisoned!
The goblin barely misses you.
You hit the goblin. You burn the goblin.
You kill the goblin!
You feel extremely sick.
2445 ||| STAIRDANCE You feel very sick.
You climb upwards.
You feel very sick.
There is a stone staircase leading down here.
There is a lethal amount of poison in your body!
You feel very sick.
There is a lethal amount of poison in your body!
You feel sick.
There is a lethal amount of poison in your body!
You feel sick.
There is a lethal amount of poison in your body!
You feel sick.
There is a lethal amount of poison in your body!
You feel sick.
There is a lethal amount of poison in your body!
You die...

......#...#####
..........##
...........#
.##........####
¤¤............##
¤#####.....##..### ¤#
#.....###...# ¤#
#...........# .#
####.#.....@# .#
#.#.####.# .# #.#.#
#.## .# #.#.# #..######
## #.#.# ##......#
#.#.# ######.# ###
####### ### ###.#
###8###8###8###8###8#.#
#..................(..#


There were no monsters in sight!

Vanquished Creatures
  Natasha (D:2)
  Robin (D:2)
  4 gnolls (D:2)
  An adder (D:2)
  3 ball pythons
  2 endoplasms
  3 giant cockroaches
  7 goblins
  6 hobgoblins
  A jackal (D:2)
  3 kobolds (D:2)
  A quokka (D:1)
  2 bats
  3 frilled lizards
  4 rats
42 creatures vanquished.

Notes
Turn   | Place    | Note
-------+----------+-------------------------------------------
     0 | D:1      | qw the Formicid Cinder Acolyte began the quest for the Orb.
     0 | D:1      | Reached XP level 1. HP: 18/18 MP: 2/2
     0 | D:1      | 0 ||| qw: Version: 0.1-a-103-gd6f5d3a
     0 | D:1      | 0 ||| qw: Game counter: 5470
     0 | D:1      | 0 ||| qw: Always use a shield: true
     0 | D:1      | 0 ||| qw: God list: Okawaru
     0 | D:1      | 0 ||| qw: Allow faded altars: false
     0 | D:1      | 0 ||| qw: Do Orc after D:15 true
     0 | D:1      | 0 ||| qw: Do second Lair branch before Depths: true
     0 | D:1      | 0 ||| qw: Lair rune preference: random
     0 | D:1      | 0 ||| qw: Plans: Normal
     0 | D:1      | 0 ||| PLANNING D:1-11
     2 | D:1      | Noticed a meteoran
     2 | D:1      | Noticed an octopode
     4 | D:1      | Noticed a ghoul
     6 | D:1      | Noticed a demonspawn
     6 | D:1      | Noticed a naga
     8 | D:1      | Noticed a gargoyle
    10 | D:1      | Noticed a formicid
    10 | D:1      | Noticed a vampire
    12 | D:1      | Noticed an ogre
    12 | D:1      | Noticed a draconian
    14 | D:1      | Noticed a minotaur
    14 | D:1      | Noticed a demigod
    16 | D:1      | Noticed a felid
    18 | D:1      | Noticed a tengu
    18 | D:1      | Noticed a palentonga
    20 | D:1      | Noticed an elf
    20 | D:1      | Noticed a spriggan
    22 | D:1      | Noticed a troll
    22 | D:1      | Noticed a human
    24 | D:1      | Noticed a vine stalker
    26 | D:1      | Noticed a draconian
    26 | D:1      | Noticed a spriggan
   559 | D:1      | Reached XP level 2. HP: 23/24 MP: 3/3
   576 | D:1      | 576 ||| Stepping ~*~*~tactically~*~*~ (stealth).
   579 | D:1      | 579 ||| Stepping ~*~*~tactically~*~*~ (stealth).
  1020 | D:1      | 1020 ||| UPGRADING to +0 scale mail.
  1030 | D:1      | 1030 ||| DROPPING +0 robe.
  1031 | D:1      | 1031 ||| READING scroll labelled TIBOCO XUREWK.
  1032 | D:1      | 1032 ||| READING scroll labelled CUYHON NOGGO.
  1033 | D:1      | 1033 ||| READING scroll labelled LOTYBE DIPTIE.
  1034 | D:1      | 1034 ||| READING scroll labelled JOLOEZXEATU.
  1057 | D:2      | 1057 ||| STAIRDANCE
  1208 | D:2      | Found a faded altar of an unknown god.
  1227 | D:2      | 1227 ||| INVOKING Fiery Armour.
  1228 | D:2      | HP: 6/24 [poisoned by an adder]
  1230 | D:2      | Reached skill level 1 in Armour
  1230 | D:2      | Reached XP level 3. HP: 4/29 MP: 4/4
  1231 | D:2      | HP: 2/29 [poisoned by an adder]
  1569 | D:2      | 1569 ||| Stepping ~*~*~tactically~*~*~ (stealth).
  1575 | D:2      | 1575 ||| Stepping ~*~*~tactically~*~*~ (stealth).
  1585 | D:2      | 1585 ||| Stepping ~*~*~tactically~*~*~ (stealth).
  1591 | D:2      | 1591 ||| Stepping ~*~*~tactically~*~*~ (stealth).
  1592 | D:2      | 1592 ||| Stepping ~*~*~tactically~*~*~ (stealth).
  1593 | D:2      | 1593 ||| Stepping ~*~*~tactically~*~*~ (stealth).
  1595 | D:2      | 1595 ||| Stepping ~*~*~tactically~*~*~ (stealth).
  1601 | D:2      | 1601 ||| Stepping ~*~*~tactically~*~*~ (stealth).
  1608 | D:2      | 1608 ||| Stepping ~*~*~tactically~*~*~ (stealth).
  1664 | D:2      | 1664 ||| Stepping ~*~*~tactically~*~*~ (hiding).
  1673 | D:2      | Reached skill level 4 in Axes
  1727 | D:2      | 1727 ||| INVOKING Fiery Armour.
  1729 | D:2      | 1729 ||| Stepping ~*~*~tactically~*~*~ (stealth).
  1730 | D:2      | 1730 ||| Stepping ~*~*~tactically~*~*~ (stealth).
  1733 | D:2      | Reached XP level 4. HP: 31/35 MP: 5/5
  1733 | D:2      | 1733 ||| FLEEEEING.
  1743 | D:2      | 1743 ||| FLEEEEING.
  1776 | D:2      | 1776 ||| FLEEEEING.
  1952 | D:2      | Noticed Natasha
  1960 | D:2      | Killed Natasha
  1961 | D:2      | Reached skill level 5 in Axes
  1961 | D:2      | Reached XP level 5. HP: 37/41 MP: 6/6
  2120 | D:2      | 2120 ||| Stepping ~*~*~tactically~*~*~ (stealth).
  2126 | D:2      | Noticed Robin
  2142 | D:2      | 2142 ||| INVOKING Fiery Armour.
  2142 | D:2      | Killed Robin
  2143 | D:2      | Reached skill level 1 in Dodging
  2159 | D:2      | 2159 ||| FLEEEEING.
  2160 | D:2      | 2160 ||| FLEEEEING.
  2161 | D:2      | 2161 ||| FLEEEEING.
  2162 | D:2      | 2162 ||| FLEEEEING.
  2163 | D:2      | 2163 ||| FLEEEEING.
  2164 | D:2      | 2164 ||| FLEEEEING.
  2165 | D:2      | 2165 ||| FLEEEEING.
  2166 | D:2      | 2166 ||| FLEEEEING.
  2167 | D:2      | 2167 ||| FLEEEEING.
  2172 | D:2      | 2172 ||| FLEEEEING.
  2173 | D:2      | 2173 ||| FLEEEEING.
  2176 | D:2      | 2176 ||| FLEEEEING.
  2177 | D:2      | 2177 ||| FLEEEEING.
  2179 | D:2      | 2179 ||| FLEEEEING.
  2180 | D:2      | 2180 ||| STAIRDANCE
  2337 | D:1      | 2337 ||| READING scroll labelled BOETEE JERANEO.
  2445 | D:2      | 2445 ||| STAIRDANCE
  2447 | D:1      | HP: 7/39 [poisoned by a goblin]
  2449 | D:1      | HP: 3/39 [poisoned by a goblin]
  2451 | D:1      | HP: 1/39 [poisoned by a goblin]
  2452 | D:1      | Succumbed to a goblin's poison

Levels and vault maps discovered:
D:1:      kb_arrival_jail, layout_basic, serial_corexii_hall,
          corexii_hall_statues_l, chequers_hall_statues_wall_a,
          corexii_corridor_pit
D:2:      layout_basic, ebering_ecumenical_altar_sacrificial,
          minmay_misc_feat_doors, minmay_hexomino_f4, uniq_robin, uniq_natasha

Skill      XL: |  1  2  3  4  5 |
---------------+----------------+-----
Armour         | 1 |  1.5
Axes           | 4 5 |  5.0
Dodging        | 1 |  1.2
Fighting       | |  3.2
Spellcasting   | |  1.1
Fire Magic     | |  3.0

Action                   |  1- 3 |  4- 6 || total
-------------------------+-------+-------++-------
Melee: Hand axe          |    96 |    49 ||   145
       Punch             |       |     1 ||     1
Invok: Fiery Armour      |     2 |     1 ||     3
  Use: Scroll            |     4 |     1 ||     5
Armor: Robe              |     7 |       ||     7
       Scale mail        |    21 |    26 ||    47
Dodge: Dodged            |    52 |    22 ||    74

Table legend:
 A = Non-vault XP
 B = Vault XP
 C = Vault XP percentage of total XP
 D = Non-vault monster count
 E = Vault monster count
 F = Vault count percentage of total count
                 A         B        C        D         E       F
            +---------+---------+-------+---------+---------+-------
      Total |     110 |      70 |  38.9 |      30 |      12 |  28.6
            +---------+---------+-------+---------+---------+-------
        D:1 |      22 |       0 |   0.0 |      13 |       0 |   0.0
        D:2 |      88 |      70 |  44.3 |      17 |      12 |  41.4
            +---------+---------+-------+---------+---------+-------
